| TOP OF THE 1ST |
|
Batavia Muckdogs batting - Pitching for Tri-City Dust Devils : RHP Omar Pineda
|
|
Pitching: RHP Omar Pineda
|
|
|
Batting: RHB Jeremy Dennis
|
0-0: Ball 1-0: Ball 2-0: Ball 3-0: Called Strike 3-1: Called Strike 3-2: Base on Balls
|
|
Batting: RHB Rick English
|
0-0: Called Strike 0-1: Called Strike 0-2: Ball 1-2: Foul Ball, location: 2F 1-2: Strikes out swinging
|
|
Batting: SHB Justin Corbett
|
0-0: Ball 1-0: Fielders Choice at 2nd, 4-6 (Groundball, 4, EV 97.5 MPH)
|
|
Batting: RHB Justin Dunham
|
0-0: Ball 1-0: Called Strike 1-1: Swinging Strike 1-2: Foul Ball, location: 2F 1-2: Strikes out looking
|
| Top of the 1st over - 0 runs, 0 hits, 0 errors, 1 left on base; Batavia 0 - Tri-City 0 |
| BOTTOM OF THE 1ST |
|
Tri-City Dust Devils batting - Pitching for Batavia Muckdogs : RHP Ryan Weedon
|
|
Pitching: RHP Ryan Weedon
|
|
|
Batting: RHB Ben Hoffman
|
0-0: Called Strike 0-1: Called Strike 0-2: Strikes out swinging
|
|
Batting: RHB Eric Erickson
|
0-0: Called Strike 0-1: Called Strike 0-2: Strikes out looking
|
|
Batting: RHB Drew Duncan
|
0-0: Ball 1-0: Ball 2-0: Ball 3-0: SOLO HOME RUN (Flyball, 7D, EV 98.1 MPH), Distance : 373 ft
|
|
Batting: RHB Hector Fernandez
|
0-0: Called Strike 0-1: Ball 1-1: Swinging Strike 1-2: Ball 2-2: Foul Ball, location: 2F 2-2: Strikes out swinging
|
| Bottom of the 1st over - 1 run, 1 hit, 0 errors, 0 left on base; Batavia 0 - Tri-City 1 |
| TOP OF THE 2ND |
|
Batavia Muckdogs batting - Pitching for Tri-City Dust Devils : RHP Omar Pineda
|
|
Batting: RHB Tony Ledezma
|
0-0: Ball 1-0: SINGLE (Groundball, 56D, EV 103.1 MPH)
|
|
Batting: LHB Danny Treto
|
0-0: Ball 1-0: Foul Ball, location: 2F 1-1: Ball 2-1: Ball 3-1: Base on Balls Tony Ledezma to second
|
|
Batting: RHB George Boivin
|
0-0: Ball 1-0: Ball 2-0: Fly out, F8 (Flyball, 8LXD, EV 100.0 MPH) Runner from 2nd tags up, SAFE at 3rd, no throw by CF
|
|
Batting: RHB Andy Kelly
|
0-0: Fly out, F7 (Flyball, 7, EV 92.5 MPH)
|
|
Batting: RHB Hiromitsu Yamada
|
0-0: Ball 1-0: Foul Ball, location: 2F 1-1: Ball Wild Pitch! Tony Ledezma scores Danny Treto to second 2-1: Ball 3-1: Swinging Strike 3-2: Base on Balls
|
|
Batting: RHB Jeremy Dennis
|
0-0: Ball 1-0: Called Strike 1-1: Swinging Strike 1-2: Ball 2-2: Fielders Choice at 2nd, U6 (Groundball, 6M, EV 81.9 MPH)
|
| Top of the 2nd over - 1 run, 1 hit, 0 errors, 2 left on base; Batavia 1 - Tri-City 1 |
| BOTTOM OF THE 2ND |
|
Tri-City Dust Devils batting - Pitching for Batavia Muckdogs : RHP Ryan Weedon
|
|
Batting: RHB Alex Mejia
|
0-0: Called Strike 0-1: Ground out 6-3 (Groundball, 6M, EV 88.8 MPH)
|
|
Batting: RHB Pete Deschamps
|
0-0: Ball 1-0: Swinging Strike 1-1: Called Strike 1-2: Foul Ball, location: 2F 1-2: Strikes out swinging
|
|
Batting: LHB Paul Collins
|
0-0: Ball 1-0: Ball 2-0: Ground out U3 (Groundball, 34S, EV 92.5 MPH)
|
| Bottom of the 2nd over - 0 runs, 0 hits, 0 errors, 0 left on base; Batavia 1 - Tri-City 1 |
| TOP OF THE 3RD |
|
Batavia Muckdogs batting - Pitching for Tri-City Dust Devils : RHP Omar Pineda
|
|
Batting: RHB Rick English
|
0-0: Ball 1-0: Called Strike 1-1: Called Strike 1-2: Ball 2-2: Strikes out swinging
|
|
Batting: SHB Justin Corbett
|
0-0: Swinging Strike 0-1: Fly out, F5 (Popup, 56, EV 78.1 MPH)
|
|
Batting: RHB Justin Dunham
|
0-0: Ball 1-0: Ball 2-0: Called Strike 2-1: Foul Ball, location: 2F 2-2: Strikes out swinging
|
| Top of the 3rd over - 0 runs, 0 hits, 0 errors, 0 left on base; Batavia 1 - Tri-City 1 |
| BOTTOM OF THE 3RD |
|
Tri-City Dust Devils batting - Pitching for Batavia Muckdogs : RHP Ryan Weedon
|
|
Batting: RHB Joel Vazquez
|
0-0: Ball 1-0: Ball 2-0: Ball 3-0: Base on Balls
|
|
Batting: RHB Pleun Smit
|
0-0: Ball 1-0: Ball 2-0: Ball 3-0: Base on Balls Joel Vazquez to second
|
|
Batting: RHB Ben Hoffman
|
0-0: SINGLE (Groundball, 6MD, EV 96.9 MPH) Joel Vazquez to third Pleun Smit to second Runner from 3rd tries for Home, SAFE, throw by CF to home
|
|
Batting: RHB Eric Erickson
|
0-0: DOUBLE (Flyball, 8RXD, EV 103.8 MPH) Pleun Smit scores Ben Hoffman to third
|
|
Batting: RHB Drew Duncan
|
0-0: Fly out, F9 (Flyball, 9LSF, EV 93.1 MPH)
|
|
Batting: RHB Hector Fernandez
|
0-0: Swinging Strike 0-1: Swinging Strike 0-2: Ball 1-2: Foul Ball, location: 2F 1-2: Foul Ball, location: 2F 1-2: Ball 2-2: Foul Ball, location: 2F 2-2: Strikes out swinging
|
|
Batting: RHB Alex Mejia
|
0-0: Called Strike 0-1: Ball 1-1: Ball 2-1: Ball 3-1: DOUBLE (Groundball, 5L, EV 101.2 MPH) Ben Hoffman scores Eric Erickson scores
|
|
Batting: RHB Pete Deschamps
|
0-0: Fly out, F9 (Flyball, 9D, EV 100.0 MPH)
|
| Bottom of the 3rd over - 4 runs, 3 hits, 0 errors, 1 left on base; Batavia 1 - Tri-City 5 |
| TOP OF THE 4TH |
|
Batavia Muckdogs batting - Pitching for Tri-City Dust Devils : RHP Omar Pineda
|
|
Batting: RHB Tony Ledezma
|
0-0: Ball 1-0: Hit by Pitch
|
|
Batting: LHB Danny Treto
|
0-0: Ground out 4-3 (Groundball, 34, EV 88.1 MPH) Tony Ledezma to second
|
|
Batting: RHB George Boivin
|
0-0: Foul Ball, location: 2F 0-1: Ball 1-1: Foul Ball, location: 2F 1-2: DOUBLE (Line Drive, 5D, EV 110.0 MPH) Tony Ledezma scores
|
|
Batting: RHB Andy Kelly
|
0-0: Ball 1-0: Called Strike 1-1: Fly out, F9 (Flyball, 89S, EV 86.2 MPH)
|
|
Batting: RHB Hiromitsu Yamada
|
0-0: Ball 1-0: Foul Ball, location: 2F 1-1: Called Strike 1-2: Foul Ball, location: 2F 1-2: Ball 2-2: Strikes out swinging
|
| Top of the 4th over - 1 run, 1 hit, 0 errors, 1 left on base; Batavia 2 - Tri-City 5 |
| BOTTOM OF THE 4TH |
|
Tri-City Dust Devils batting - Pitching for Batavia Muckdogs : RHP Ryan Weedon
|
|
Batting: LHB Paul Collins
|
0-0: Foul Ball, location: 2F 0-1: Swinging Strike 0-2: Hit by Pitch
|
|
Pitching: RHP Victor Delgado
|
|
|
Batting: RHB Joel Vazquez
|
0-0: Called Strike 0-1: Ball 1-1: DOUBLE (Line Drive, 7LM, EV 103.1 MPH) Paul Collins to third
|
|
Batting: RHB Pleun Smit
|
0-0: Ball 1-0: Fly out, F7 (Flyball, 78M, EV 88.8 MPH)
|
|
Batting: RHB Ben Hoffman
|
0-0: Called Strike 0-1: Foul Ball, location: 2F 0-2: Ball 1-2: Strikes out swinging
|
|
Batting: RHB Eric Erickson
|
0-0: Called Strike 0-1: Ball 1-1: SINGLE (Groundball, 56D, EV 101.2 MPH) (infield hit) Paul Collins scores Joel Vazquez to third
|
|
Batting: RHB Drew Duncan
|
0-0: Called Strike 0-1: Swinging Strike 0-2: Ball 1-2: Ball Eric Erickson steals 2nd base 2-2: Foul Ball, location: 2F 2-2: Strikes out swinging
|
| Bottom of the 4th over - 1 run, 2 hits, 0 errors, 2 left on base; Batavia 2 - Tri-City 6 |
| TOP OF THE 5TH |
|
Batavia Muckdogs batting - Pitching for Tri-City Dust Devils : RHP Omar Pineda
|
|
Batting: RHB Jeremy Dennis
|
0-0: Called Strike 0-1: Ball 1-1: Ball 2-1: Called Strike 2-2: Ground out 6-3 (Groundball, 6M, EV 104.4 MPH)
|
|
Batting: RHB Rick English
|
0-0: Ball 1-0: Ball 2-0: Ground out 3-1 (Groundball, 34S, EV 86.2 MPH)
|
|
Batting: SHB Justin Corbett
|
0-0: Ball 1-0: Fly out, F5 (Popup, 56S, EV 63.1 MPH)
|
| Top of the 5th over - 0 runs, 0 hits, 0 errors, 0 left on base; Batavia 2 - Tri-City 6 |
| BOTTOM OF THE 5TH |
|
Tri-City Dust Devils batting - Pitching for Batavia Muckdogs : RHP Victor Delgado
|
|
Batting: RHB Hector Fernandez
|
0-0: Ball 1-0: Ball 2-0: Foul Ball, location: 2F 2-1: Ball 3-1: Ground out 2-3 (Groundball, 2L, EV 63.8 MPH)
|
|
Batting: RHB Alex Mejia
|
0-0: Ball 1-0: SINGLE (Line Drive, 56D, EV 98.1 MPH)
|
|
Batting: RHB Pete Deschamps
|
0-0: Ball Alex Mejia steals 2nd base 1-0: Ground out 5-3 (Groundball, 56S, EV 86.2 MPH)
|
|
Batting: LHB Paul Collins
|
0-0: Ground out U3 (Groundball, 34, EV 81.9 MPH)
|
| Bottom of the 5th over - 0 runs, 1 hit, 0 errors, 1 left on base; Batavia 2 - Tri-City 6 |
| TOP OF THE 6TH |
|
Batavia Muckdogs batting - Pitching for Tri-City Dust Devils : RHP Omar Pineda
|
|
Batting: RHB Justin Dunham
|
0-0: Ball 1-0: TRIPLE (Line Drive, 89XD, EV 105.0 MPH)
|
|
Batting: RHB Tony Ledezma
|
0-0: Ball 1-0: Called Strike 1-1: Foul Ball, location: 2F 1-2: Fly out, F7 (Flyball, 7, EV 96.2 MPH)
|
|
Batting: LHB Danny Treto
|
0-0: Called Strike 0-1: SINGLE (Groundball, 4MD, EV 101.9 MPH) Justin Dunham scores
|
|
Batting: RHB George Boivin
|
0-0: Ball 1-0: Called Strike 1-1: Called Strike Danny Treto is caught stealing 2nd base 2-4 1-2: Ball 2-2: Foul Ball, location: 2F 2-2: Ground out 5-3 (Groundball, 56S, EV 63.1 MPH)
|
| Top of the 6th over - 1 run, 2 hits, 0 errors, 0 left on base; Batavia 3 - Tri-City 6 |
| BOTTOM OF THE 6TH |
|
Tri-City Dust Devils batting - Pitching for Batavia Muckdogs : RHP Victor Delgado
|
|
Batting: RHB Joel Vazquez
|
0-0: Ground out 6-3 (Groundball, 6, EV 90.6 MPH)
|
|
Batting: RHB Pleun Smit
|
0-0: Ball 1-0: Ball 2-0: Swinging Strike 2-1: Ball 3-1: Foul Ball, location: 2F 3-2: Base on Balls
|
|
Batting: RHB Ben Hoffman
|
0-0: Called Strike 0-1: Ball Pleun Smit steals 2nd base 1-1: Ball 2-1: Foul Ball, location: 2F 2-2: Fly out, F7 (Flyball, 7S, EV 88.1 MPH)
|
|
Batting: RHB Eric Erickson
|
0-0: Ground out 6-3 (Groundball, 6, EV 81.9 MPH)
|
| Bottom of the 6th over - 0 runs, 0 hits, 0 errors, 1 left on base; Batavia 3 - Tri-City 6 |
| TOP OF THE 7TH |
|
Batavia Muckdogs batting - Pitching for Tri-City Dust Devils : RHP Omar Pineda
|
|
Pitching: RHP Chris Haselhorst
|
|
|
Batting: RHB Andy Kelly
|
0-0: SINGLE (Groundball, 56D, EV 104.4 MPH)
|
|
Batting: RHB Hiromitsu Yamada
|
0-0: Ball Andy Kelly steals 2nd base 1-0: Swinging Strike 1-1: Ball 2-1: Called Strike 2-2: Fly out, F8 (Flyball, 78M, EV 86.9 MPH)
|
|
Batting: RHB Jeremy Dennis
|
0-0: Ball 1-0: Ball 2-0: Reached via error on a dropped throw from 2B, E3 (Groundball, 4, EV 85.6 MPH) Andy Kelly to third
|
|
Batting: RHB Rick English
|
0-0: Called Strike Jeremy Dennis is caught stealing 2nd base 2-4 0-1: Ball 1-1: Ball 2-1: Ball 3-1: Foul Ball, location: 2F 3-2: Fly out, F8 (Flyball, 8RS, EV 93.1 MPH)
|
| Top of the 7th over - 0 runs, 1 hit, 1 error, 1 left on base; Batavia 3 - Tri-City 6 |
| BOTTOM OF THE 7TH |
|
Tri-City Dust Devils batting - Pitching for Batavia Muckdogs : RHP Victor Delgado
|
|
Batting: RHB Drew Duncan
|
0-0: Ball 1-0: Fly out, F8 (Flyball, 8LXD, EV 95.0 MPH)
|
|
Batting: RHB Hector Fernandez
|
0-0: Fly out, F7 (Flyball, 78M, EV 84.4 MPH)
|
|
Batting: RHB Alex Mejia
|
0-0: Ball 1-0: Ball 2-0: Ball 3-0: Base on Balls
|
|
Pitching: RHP Glen Patterson
|
|
|
Batting: RHB Pete Deschamps
|
0-0: Ball 1-0: Fielders Choice at 2nd, 5-4 (Groundball, 56, EV 80.6 MPH)
|
| Bottom of the 7th over - 0 runs, 0 hits, 0 errors, 1 left on base; Batavia 3 - Tri-City 6 |
| TOP OF THE 8TH |
|
Batavia Muckdogs batting - Pitching for Tri-City Dust Devils : RHP Chris Haselhorst
|
|
Batting: SHB Justin Corbett
|
0-0: Called Strike 0-1: Called Strike 0-2: Foul Ball, location: 2F 0-2: Strikes out swinging
|
|
Batting: RHB Justin Dunham
|
0-0: Called Strike 0-1: Ball 1-1: Foul Ball, location: 2F 1-2: Ball 2-2: Ball 3-2: Strikes out swinging
|
|
Batting: RHB Tony Ledezma
|
0-0: Swinging Strike 0-1: Called Strike 0-2: Ball 1-2: Ball 2-2: Ball 3-2: Base on Balls
|
|
Pitching: LHP Paul Fuller
|
|
|
Batting: LHB Danny Treto
|
Pickoff Throw to First - Out! 1-3
|
| Top of the 8th over - 0 runs, 0 hits, 0 errors, 0 left on base; Batavia 3 - Tri-City 6 |
| BOTTOM OF THE 8TH |
|
Tri-City Dust Devils batting - Pitching for Batavia Muckdogs : RHP Glen Patterson
|
|
Batting: LHB Paul Collins
|
0-0: Ball 1-0: Ball 2-0: Called Strike 2-1: Called Strike 2-2: Ball 3-2: Ground out 5-3 (Groundball, 5L, EV 85.6 MPH)
|
|
Batting: RHB Joel Vazquez
|
0-0: Called Strike 0-1: Ball 1-1: Ground out 6-3 (Groundball, 6, EV 95.6 MPH)
|
|
Batting: RHB Pleun Smit
|
0-0: SINGLE (Groundball, 6MD, EV 102.5 MPH)
|
|
Batting: RHB Ben Hoffman
|
0-0: Ball 1-0: Swinging Strike 1-1: Foul Ball, location: 2F 1-2: Strikes out swinging
|
| Bottom of the 8th over - 0 runs, 1 hit, 0 errors, 1 left on base; Batavia 3 - Tri-City 6 |
| TOP OF THE 9TH |
|
Batavia Muckdogs batting - Pitching for Tri-City Dust Devils : LHP Paul Fuller
|
|
Batting: LHB Danny Treto
|
0-0: Ball 1-0: Called Strike 1-1: Ball 2-1: Ground out 4-3 (Groundball, 4, EV 92.5 MPH)
|
|
Batting: RHB George Boivin
|
0-0: Called Strike 0-1: Foul Ball, location: 2F 0-2: Ball 1-2: Ball 2-2: Ball 3-2: Foul Ball, location: 2F 3-2: Ground out 6-3 (Groundball, 6M, EV 82.5 MPH)
|
|
Batting: RHB Andy Kelly
|
0-0: Ball 1-0: Called Strike 1-1: Called Strike 1-2: Ball 2-2: Foul Ball, location: 2F 2-2: Ball 3-2: Foul Ball, location: 2F 3-2: Ground out 5-3 (Groundball, 56S, EV 92.5 MPH)
|
| Top of the 9th over - 0 runs, 0 hits, 0 errors, 0 left on base; Batavia 3 - Tri-City 6 |
|